Map: Traitor's Exile

Players

Bjongir

  • Race: Protoss Protoss
  • League: Master
  • Spawn Location: 5:00

OyabuN

  • Race: Zerg Zerg
  • Spawn Location: 6:00

PureLegacy - Winner!

  • Race: Terran Terran
  • Spawn Location: 9:00

LOADBLASTER - Winner!

  • Race: Terran Terran
  • League: Master
  • Spawn Location: 12:00

VOD

Have the link to the VOD?

Description

Time

  • Played on: Nov. 26, 2018, 11:17 a.m.
  • Length: 4:07
Show
View Real Time Build Order
Export as new Build Order

Bjongir Protoss 

Build Orders: 1 Gate Expand 

Get SALT Encoding   

  12  0:00  Probe  
  13  0:12  Probe  
  14  0:18  Pylon  
  14  0:24  Probe  
  15  0:32  Probe  
  15  0:39  Gateway  
  15  0:40  Probe  
  16  0:48  Assimilator  
  17  0:51  Probe  
  18  1:03  Probe  
  19  1:22  Nexus  
  19  1:32  Cybernetics Core  
  19  1:33  Probe  
  20  1:40  Assimilator  
  20  1:41  Probe  
  21  1:50  Probe  
  21  1:51  Pylon  
  21  1:59  Stalker  
  22  2:02  Probe  
  23  2:09  Warp Gate  
  23  2:15  Probe  
  26  2:25  Shield Battery  
  26  2:27  Stalker, Probe  
  27  2:36  Probe  
  30  2:45  Twilight Council  
  30  2:51  Probe  
  31  3:02  Stalker  
  33  3:08  Pylon  
  33  3:32  Stalker  
  35  3:44  Probe x2  
  35  3:47  Gateway  
  37  3:51  Gateway  
  37  3:53  Gateway  
Show
View Real Time Build Order
Export as new Build Order

OyabuN Zerg 

Build Orders: Hatch First 

Get SALT Encoding   

  12  0:01  Drone  
  13  0:13  Overlord  
  13  0:18  Drone  
  14  0:32  Drone  
  14  0:33  Drone  
  16  0:36  Drone  
  17  0:52  Drone  
  18  0:58  Hatchery  
  18  1:02  Extractor  
  16  1:13  Spawning Pool  
  16  1:17  Drone  
  16  1:23  Drone  
  17  1:31  Drone x2  
  19  1:42  Overlord  
  19  1:59  Queen  
  21  2:07  Metabolic Boost  
  21  2:10  Zergling x2  
  21  2:11  Queen  
  21  2:12  Zergling x2  
  25  2:23  Zergling x6  
  25  2:26  Zergling x2  
  29  2:35  Queen  
  29  2:59  Zergling x8  
  32  3:07  Zergling x4  
  33  3:16  Zergling x8  
  35  3:22  Queen  
  29  3:34  Zergling x2  
  29  3:40  Zergling x2  
  29  3:41  Zergling x4  
  30  3:43  Zergling x2  
  30  3:44  Zergling x4  
Show
View Real Time Build Order
Export as new Build Order

PureLegacy Terran - Winner!

Build Orders:  

Get SALT Encoding   

  12  0:01  SCV  
  13  0:13  SCV  
  14  0:19  Supply Depot  
  14  0:26  SCV  
  15  0:30  Refinery  
  15  0:40  SCV  
  16  0:48  Barracks  
  16  0:53  SCV  
  17  1:03  Barracks  
  17  1:17  Barracks  
  17  1:22  SCV  
  19  1:41  Orbital Command  
  19  1:48  Refinery  
  19  1:51  Reaper x2  
  20  2:01  Supply Depot  
  20  2:04  Reaper  
  21  2:10  SCV  
  22  2:23  Reaper x2  
  24  2:31  Supply Depot, SCV  
  24  2:36  Reaper  
  26  2:43  SCV  
  27  2:55  Reaper  
  28  3:02  Reaper  
  28  3:03  SCV  
  29  3:10  Reaper  
  30  3:21  Command Center  
  30  3:27  Reaper  
  31  3:34  Reaper  
  31  3:35  SCV  
  34  3:54  SCV  
  36  4:03  Barracks  
  36  4:05  Barracks  
Show
View Real Time Build Order
Export as new Build Order

LOADBLASTER Terran - Winner!

Build Orders:  

Get SALT Encoding   

  12  0:03  SCV  
  13  0:15  SCV  
  14  0:23  Supply Depot  
  14  0:27  SCV  
  15  0:31  Refinery  
  15  0:44  SCV  
  15  0:47  Barracks  
  16  0:57  SCV  
  17  1:03  Barracks  
  17  1:09  SCV  
  18  1:21  SCV  
  19  1:36  Orbital Command  
  19  1:40  Barracks Tech Lab  
  19  1:41  Supply Depot  
  19  1:52  Barracks Tech Lab  
  19  2:00  Marauder, Concussive Shells  
  21  2:05  SCV  
  22  2:11  Marauder  
  24  2:22  Marauder  
  26  2:26  Supply Depot  
  26  2:31  SCV  
  26  2:32  Marauder  
  29  2:43  Marauder  
  31  2:55  Command Center  
  31  3:00  Marauder  
  31  3:13  SCV  
  31  3:16  Marauder  
  32  3:24  Barracks  
  34  3:27  Marauder  
  34  3:33  SCV  
  35  3:37  Marauder  
  37  3:45  Supply Depot, SCV  
Tags
 
Add a new tag
Caveats
  • Supply blocks, unpowered buildings, or Contaminate may cause inaccurate times.
  • Supply counts are checked every 10 seconds.